 Dungeon Crawl Stone Soup version 0.16-a0-2093-g8c923f7 (webtiles) character file.

885 PolkaDot the Caller (level 7, -1/54 HPs)
             Began as a Vampire Summoner on Nov 12, 2014.
             Splashed by a jelly's acid (10 damage)
             ... on level 5 of the Dungeon.
             The game lasted 00:22:10 (6450 turns).

PolkaDot the Caller (Vampire Summoner)              Turns: 6450, Time: 00:22:10

Health: -1/54      AC: -7    Str:  7    XL:     7   Next: 76%
Magic:  13/13      EV: 10    Int: 19    God:
Gold:   247        SH:  0    Dex: 14    Spells: 4 memorised, 1 level left

rFire  x . .     SeeInvis +     a - +0 quarterstaff "Impbane" {speed, Stlth+}
rCold  + . .     Clarity  .     f - +0 leather armour
rNeg   . . .     SustAb   .     (no shield)
rPois  .         Gourm    .     (no helmet)
rElec  .         Spirit   .     (no cloak)
rCorr  .         Warding  .     (no gloves)
rMut   .         Stasis   .     (no boots)
MR     .....                    (no amulet)
Stlth  +++.......               o - ring of ice
                                (no ring)

@: corroded equipment, regenerating very quickly, not resistant to hostile
enchantments, fairly stealthy
A: bottle blood, fangs 3, see invisible, unbreathing
a: Bottle Blood


You were on level 5 of the Dungeon.
You were almost alive.

You visited 2 branches of the dungeon, and saw 7 of its levels.

You collected 247 gold pieces.

Inventory:

Hand weapons
 a - the +0 quarterstaff "Impbane" (weapon) {speed, Stlth+}
   (You found it on level 5 of the Dungeon)

   Attacks with this weapon are significantly faster.
   It makes you more stealthy.
 b - a +2 hunting sling of flaming
Missiles
 k - 30 stones (quivered)
 m - 17 sling bullets
Armour
 f - a +0 leather armour (worn)
Jewellery
 c - an uncursed ring of teleportation
 i - an uncursed ring of magical power {unknown}
 o - a ring of ice (right hand)
 p - an uncursed amulet of guardian spirit {unknown}
Magical devices
 d - a wand of confusion (18)
Scrolls
 j - 3 scrolls of magic mapping
 q - a scroll of enchant weapon {unknown}
 u - 3 scrolls of recharging {unknown}
 w - a scroll of amnesia {unknown}
Potions
 g - a potion of magic
 h - 5 potions of blood {@*1}
Books
 l - a book of Callings

   Spells                             Type                      Level
   *Summon Small Mammal               Summoning                    1
   *Call Imp                          Summoning                    2
   *Call Canine Familiar              Summoning                    3
   Summon Guardian Golem              Hexes/Summoning              4
   Summon Lightning Spire             Summoning/Air                4
   *Summon Ice Beast                  Ice/Summoning                4


   Skills:
 - Level 4.1 Fighting
 + Level 1.3 Staves
 - Level 2.1 Dodging
 - Level 3.0 Stealth
 - Level 2.7 Spellcasting
 + Level 7.3 Summonings
 * Level 2.6 Ice Magic


You had one spell level left.
You knew the following spells:

 Your Spells              Type           Power        Failure   Level  Hunger
a - Summon Small Mammal   Summ           ####         1%          1    None
d - Call Canine Familiar  Summ           ####....     1%          3    ###....
i - Summon Ice Beast      Ice/Summ       ####....     21%         4    ####...
s - Call Imp              Summ           ####....     1%          2    ##.....


Dungeon Overview and Level Annotations

Branches:
Dungeon (6/15)             Temple (1/1) D:4

Altars:
Cheibriados
Dithmenos
Elyvilon
Fedhas
Gozag
Kikubaaqudgha
Makhleb
Nemelex Xobeh
Ru
Trog
Vehumet
Yredelemnul
Zin

Shops:
D:4 *   D:6 (


Innate Abilities, Weirdness & Mutations

Your natural rate of healing is extremely fast.
You can bottle blood from corpses.
You have razor-sharp teeth.
You have supernaturally acute eyesight.
You can survive without breathing.


Message History

The jelly is severely wounded.
The jelly hits you.
* * * LOW HITPOINT WARNING * * *
You are splashed with acid!
The acid burns!
* * * LOW HITPOINT WARNING * * *
You hit the jelly.
The jelly is severely wounded.
The jelly hits you.
* * * LOW HITPOINT WARNING * * *
You are splashed with acid!
The acid burns!
* * * LOW HITPOINT WARNING * * *
You hit the jelly.
The jelly is severely wounded.
The jelly completely misses you.
You hit the jelly but do no damage. The acid corrodes your equipment!
The jelly is severely wounded.
The jelly hits you.
* * * LOW HITPOINT WARNING * * *
You are splashed with acid!
The acid corrodes your equipment!
The acid burns!
You die...

......#........# ########.
......'........# #....
....###........## #....
....####+##.....# #....
..........#.....# ######..#
.>........#.....# ##...##'##
..........+.(...## #........#
....##....#......########.......#
....##....#.....@.......#...%...'
..........'.....J.......'.......#
#'####....#.............#.......#
.....#....#.............#.......#
.....#....##'###........#.......#
.....+.........+........####+##+#
.....#....##...#.................
.....#......................)....
######.........##.'#####...))....


You could see a jelly.

Vanquished Creatures
  Edmund (D:4)
  An ogre (D:5)
  Blork the orc (D:5)
  A scorpion (D:4)
  2 orc priests
  A crimson imp (D:5)
  2 hounds (D:5)
  A jelly (D:5)
  4 worker ants
  An orc wizard (D:5)
  An adder (D:3)
  3 gnolls (D:5)
  A worm (D:5)
  4 giant geckos
  An ooze (D:5)
  4 orcs
  A bat zombie (D:3)
  6 giant cockroaches
  11 goblins
  5 hobgoblins
  5 kobolds
  2 ball pythons (D:4)
  8 bats
  A giant gecko zombie (D:5)
  10 giant newts
  A goblin skeleton (D:4)
  4 jackals (D:5)
  A kobold skeleton (D:4)
  5 quokkas
  12 rats
  A spectral orc (D:3)
102 creatures vanquished.

Vanquished Creatures (collateral kills)
  Menkaure (D:5)
  Sigmund (D:4)
  An orc priest (D:3)
  A worker ant (D:5)
  Ijyb (D:2)
  2 adders
  A gnoll (D:5)
  2 worms
  An ooze (D:5)
  4 orcs
  2 hobgoblins
  2 kobolds
  2 goblins (D:3)
  A jackal skeleton (D:5)
  A rat (D:5)
  A plant (D:4)
24 creatures vanquished.

Vanquished Creatures (others)
  A crimson imp (D:3)
  3 hounds (D:5)
  3 quokkas
7 creatures vanquished.

Grand Total: 133 creatures vanquished

Notes
Turn   | Place    | Note
--------------------------------------------------------------
     0 | D:1      | PolkaDot, the Vampire Summoner, began the quest for the Orb.
     0 | D:1      | Reached XP level 1. HP: 13/13 MP: 3/3
   467 | D:1      | Reached skill level 1 in Fighting
   467 | D:1      | Reached XP level 2. HP: 15/21 MP: 4/4
  1242 | D:2      | Reached XP level 3. HP: 13/26 MP: 1/6
  1247 | D:2      | Learned a level 3 spell: Call Canine Familiar
  1250 | D:2      | Learned a level 2 spell: Call Imp
  2171 | D:2      | Noticed Ijyb
  2216 | D:2      | Killed Ijyb
  2931 | D:3      | Found an ancient bone altar of Kikubaaqudgha.
  3276 | D:3      | Reached XP level 4. HP: 7/33 MP: 7/7
  3355 | D:3      | Reached skill level 5 in Summonings
  3538 | D:3      | Reached XP level 5. HP: 22/40 MP: 3/9
  3729 | D:3      | Found a basalt altar of Yredelemnul.
  3913 | D:4      | Noticed Sigmund
  3927 | D:4      | Killed Sigmund
  4080 | D:4      | Found a sparkling altar of Nemelex Xobeh.
  4121 | D:4      | Found a sacrificial altar of Ru.
  4232 | D:4      | Noticed Edmund
  4329 | D:4      | Killed Edmund
  4329 | D:4      | Reached skill level 6 in Summonings
  4329 | D:4      | Reached XP level 6. HP: 48/48 MP: 10/10
  4539 | D:4      | Found a staircase to the Ecumenical Temple.
  4546 | Temple   | Entered the Ecumenical Temple
  4967 | D:4      | Found Sit Isakh's Serpentskin Sales.
  5060 | D:5      | Entered Level 5 of the Dungeon
  5157 | D:5      | Found a shadowy altar of Dithmenos.
  5258 | D:5      | Noticed Menkaure
  5301 | D:5      | Killed Menkaure
  5301 | D:5      | Reached XP level 7. HP: 43/54 MP: 0/12
  5454 | D:5      | Reached skill level 7 in Summonings
  5560 | D:5      | Got a polished quarterstaff
  5562 | D:5      | Identified the +0 quarterstaff "Impbane" {speed, Stlth+} (You found it on level 5 of the Dungeon)
  5569 | D:5      | Learned a level 4 spell: Summon Ice Beast
  5707 | D:5      | Reached skill level 1 in Ice Magic
  5921 | D:5      | Noticed Blork the orc
  5938 | D:5      | Killed Blork the orc
  5938 | D:5      | Reached skill level 1 in Staves
  6351 | D:6      | Found Letu's Antique Weapon Boutique.
  6450 | D:5      | Splashed by a jelly's acid

Action                   |  1- 3 |  4- 6 |  7- 9 || total
-------------------------+-------+-------+-------++-------
Melee: Dagger            |   231 |       |       ||   231
       Unarmed           |    25 |       |       ||    25
       Short sword       |    32 |    23 |       ||    55
       Spear             |       |   104 |       ||   104
       Quarterstaff      |       |       |    63 ||    63
 Fire: Hunting sling     |       |    97 |    33 ||   130
 Cast: Summon Small Mamm |    22 |     2 |       ||    24
       Call Imp          |     6 |     5 |     3 ||    14
       Call Canine Famil |       |     5 |     5 ||    10
       Summon Ice Beast  |       |       |     1 ||     1
 Abil: Bottle Blood      |       |       |    11 ||    11
  Use: Potion            |     1 |     4 |    13 ||    18
       Scroll            |     6 |     4 |     2 ||    12
 Stab: Sleeping          |     5 |     1 |     3 ||     9
       Distracted        |     1 |     1 |       ||     2
  Eat: Corpse            |    16 |    15 |     5 ||    36
